[Event "*** Titled Tuesday 3|2 Blitz"]
[Site "Chess.com"]
[Date "2016.03.01"]
[Round "1"]
[White "Jahonas"]
[Black "bugsbunny444"]
[Result "0-1"]
[WhiteElo "2175"]
[BlackElo "2468"]
[TimeControl "180+2"]
[EndTime "11:09:27 PST"]
[Termination "bugsbunny444 won by resignation"]

1. e4 e6 2. Nf3 d5 3. exd5 exd5 4. d4 Nf6 5. Bd3 c5 6. dxc5 Bxc5 7. O-O O-O 8. h3 Nc6 9. Nbd2 Bb6 10. Nb3 Ne4 11.
c4 Be6 12. c5 Nxc5 13. Nxc5 Bxc5 14. Bxh7+ Kxh7 15. Ng5+ Kg8 16. Qc2 Re8 17. Qxc5 Qf6 18.
Qc2 Bf5 19. Qd1 Rad8 20. Bd2 Qxb2 21. Bf4 Nd4 22. Kh2 Ne2 23. Qd2 Qf6 24. Rae1 Nxf4 25.
Qxf4 Bd3 26. Rxe8+ Rxe8 27. Qxf6 gxf6 28. Rd1 Be2 29.
Rxd5 fxg5 30. Rxg5+ Kf8 31. h4 Bd3 32. h5 f6 33. Rd5 Be4 34. Rd4 Re7 35. f3 Bc6 36. g4 Kg7 37. Kg3 Re3 38. Rf4 Ra3 39. Kh4 Rxf3 40. Rd4 Ra3 41. g5 Ra4 42. Rxa4 fxg5+ 43. Kxg5 Bxa4 44. a3 Bd1 45. h6+ Kh7 46. Kf6 a6 47. Ke5 Bf3 48. Kf4 Bc6 49. Ke5 Kxh6 50. Kd6 Kg5 51. Kc5 Kf4 52. Kb6 Ke3 53. Kc5 Kd3 54. Kb4 Kc2 55. a4 Kb2 56. a5 Ka2 57.
Kc4 Ka3 58. Kc5 Ka4 59. Kb6 Kb4 0-1

[Event "*** Titled Tuesday 3|2 Blitz"]
[Site "Chess.com"]
[Date "2016.03.01"]
[Round "1"]
[White "PowerThinking2650"]
[Black "VovAn1991"]
[Result "0-1"]
[WhiteElo "2137"]
[BlackElo "2462"]
[TimeControl "180+2"]
[EndTime "11:09:52 PST"]
[Termination "VovAn1991 won by resignation"]

1. e4 c5 2. Nf3 d6 3. d4 cxd4 4.
Nxd4 Nf6 5. Nc3 Nc6 6. Bc4 e6 7.
Be3 a6 8. Qe2 Qc7 9. O-O-O Bd7 10.
Rhg1 b5 11. Bb3 Na5 12. g4 b4 13. Na4 Nxb3+ 14. axb3 Nxe4 15. Bf4 Nc5 16. Nxc5 Qxc5 17. Nf5 Bb5 18. Qe4 Bc6 19. Qe2 O-O-O 20. Nd4 Bb7 21. Be3 Qa5 22. Kb1 Kb8 23. f4 Be7 24. f5 e5 25. Nf3 f6 26. h4 d5 27. g5 Rhe8 28. gxf6 gxf6 29. Rg7 h5 30. Qf2 Rd7 31. Bb6 Qb5 32. Be3 d4 33. Bc1 Qc6 34. Nd2 Rc8 35.
Nc4 Qc7 36. Rdg1 a5 37. Rf7 Ba6 38. Rgg7 a4 39. Qe2 axb3 40. cxb3 d3 41. Qe4 Bxc4 42. bxc4 Rcd8 43. Bd2 Bc5 44. Rxd7 Rxd7 45. Rxd7 Qxd7 46. b3 Kc7 47. Kc1 Qd4 48. Qxd4 Bxd4 49. Bxb4 e4 50. Kd2 Bf2 51. Bc3 Bxh4 52. Ke3 Bg5+ 53. Kxe4 d2 54.
Bxd2 Bxd2 55. Kf3 Kd6 0-1

[Event "*** Titled Tuesday 3|2 Blitz"]
[Site "Chess.com"]
[Date "2016.03.01"]
[Round "1"]
[White "Drags95"]
[Black "AndreyOstrovskiy"]
[Result "1/2-1/2"]
[WhiteElo "2206"]
[BlackElo "2464"]
[TimeControl "180+2"]
[EndTime "11:10:00 PST"]
[Termination "Game drawn - insufficient material"]

1. e4 e5 2. Nf3 Nc6 3. Bb5 a6 4. Ba4 Nf6 5. O-O Be7 6. Re1 b5 7. Bb3 d6 8. c3 O-O 9. h3 h6 10. d4 Re8 11. Nbd2 Bf8 12. Bc2 Bd7 13. Nf1 Na5 14.
Ng3 Nc4 15. b3 Nb6 16. Be3 c5 17. Qd2 Qc8 18. Rad1 a5 19. Nh4 a4 20. Nhf5 axb3 21.
axb3 Bxf5 22. dxe5 Nxe4 23. Nxe4 Bxe4 24. Bxe4 d5 25.
Bxd5 Rd8 26. c4 bxc4 27. bxc4 Nxc4 28. Qc2 Nxe3 29. Rxe3 Ra6 30. e6 Rad6 31. exf7+ Kh8 32. Qc4 Qf5 33. Re8 Qg6 34. Rxd8 Rxd8 35. Re1 Qd6 36. Re8 g5 37. Qe4 Kg7 38. Rxd8 Qxd8 39. g3 Qd6 40.
Kg2 Qf6 41. Qc4 h5 42. Qe4 h4 43. gxh4 gxh4 44. Kf1 Bd6 45. Qg4+ Qg6 46. Kg2 Qxg4+ 47. hxg4 Kf8 48. Kf3 h3 49. Ke3 h2 50. f4 h1=Q 51.
Bxh1 Kxf7 52. Bd5+ Kf6 53. g5+ Kg6 54. Kf3 Be7 55. Kg4 Kg7 56. f5 Bd8 57. Bc4 Be7 58.
Kh5 Bd8 59. Kg4 Be7 60. Kf4 Bd8 61. f6+ Bxf6 62. gxf6+ Kxf6 63. Ke4 Ke7 64. Kd5 Kf6 65. Kxc5 1/2-1/2

[Event "*** Titled Tuesday 3|2 Blitz"]
[Site "Chess.com"]
[Date "2016.03.01"]
[Round "1"]
[White "Mornar1951"]
[Black "lionheart95"]
[Result "1/2-1/2"]
[WhiteElo "2586"]
[BlackElo "2346"]
[TimeControl "180+2"]
[EndTime "11:10:03 PST"]
[Termination "Game drawn - insufficient material"]

1. Nf3 Nf6 2. c4 g6 3. Nc3 Bg7 4. e4 d6 5. d4 O-O 6. Be2 Bg4 7. Be3 Nfd7 8. Qd2 Nc6 9. d5 Nce5 10. Nxe5 Nxe5 11.
Bxg4 Nxg4 12. Bd4 Ne5 13. b3 e6 14. O-O exd5 15. cxd5 Re8 16. Rac1 a6 17. h3 Qh4 18.
f4 Nd7 19. Rce1 Re7 20. Bxg7 Kxg7 21. Qd4+ Qf6 22. e5 dxe5 23. fxe5 Qb6 24. Qxb6 Nxb6 25.
d6 cxd6 26. exd6 Rd7 27. Ne4 Re8 28. Nc5 Rxe1 29. Rxe1 Rxd6 30. Nxb7 Rd2 31. a4 Rb2 32. Nc5 Nd5 33. g3 Rc2 34. Nxa6 Rc3 35. b4 Rxg3+ 36.
Kh2 Ra3 37. a5 Rb3 38. Ra1 f5 39. Nc5 Rb2+ 40. Kg1 Rxb4 41. a6 Nb6 42. a7 Rc4 43.
Nd7 Na8 44. Kf2 h5 45. h4 Rxh4 46. Rb1 Ra4 47. Rb7 Kh6 48. Ne5 Kg5 49. Nc6 h4 50.
Rb8 Nc7 51. Rc8 Ra2+ 52. Ke1 h3 53. Rxc7 Kg4 54. Rh7 Kg3 55. Rh8 h2 56. Kf1 g5 57.
Nd4 Rxa7 58. Nxf5+ Kf4 59. Nd4 h1=Q+ 60. Rxh1 Ra1+ 61. Kg2 Rxh1 62. Kxh1 g4 63. Kg2 g3 64. Ne2+ Ke3 65. Nxg3 1/2-1/2

[Event "*** Titled Tuesday 3|2 Blitz"]
[Site "Chess.com"]
[Date "2016.03.01"]
[Round "1"]
[White "Sanan_Sjugirov"]
[Black "ZEN-22"]
[Result "0-1"]
[WhiteElo "2037"]
[BlackElo "2402"]
[TimeControl "180+2"]
[EndTime "11:10:03 PST"]
[Termination "ZEN-22 won by resignation"]

1. e4 d6 2. d4 Nf6 3. Nc3 Nbd7 4. Bg5 h6 5. Bh4 e5 6. Nge2 g6 7. Qd2 Bg7 8. O-O-O O-O 9. f4 exd4 10. Nxd4 Re8 11.
Bd3 c6 12. Rde1 Qb6 13. Nb3 a5 14. Bf2 Qc7 15. Nd4 a4 16. h3 Nc5 17. g4 Qa5 18.
a3 Bd7 19. e5 dxe5 20. fxe5 Nxd3+ 21. Qxd3 Nd5 22. e6 Bxe6 23. Nxe6 fxe6 24. Qxg6 Nxc3 25. Bd4 Qg5+ 26. Qxg5 hxg5 27. bxc3 Rad8 28. Re4 Rd5 29. Rhe1 Bxd4 30. cxd4 Kf7 31. c4 Rd6 32. Kc2 b5 33. Kc3 bxc4 34. Kxc4 Rb8 35. Re5 Rb5 36. R1e3 Rbd5 37.
R5e4 c5 38. dxc5 Rc6 39. Kb4 Rdxc5 40. Kxa4 Rb6 41. Rb4 Rd6 42. Kb3 Rd1 43. Kb2 Rd2+ 44. Kb3 Rf2 45. a4 Rf1 46. Rb7+ Kf6 47. Kb4 Rd5 48. Rb3 Rf4+ 49. Ka3 Ra5 50. R7b4 Rf1 51.
Rb2 Ra1+ 52. Kb3 Re1 53. Rf2+ Ke5 54. Rb5+ Rxb5+ 55. axb5 Kd5 56. Rf3 Rb1+ 57. Kc3 Rxb5 58. Kd2 Rb2+ 59. Ke1 Rh2 60. Re3 e5 61. Kf1 Kd4 62. Ra3 Ke4 63. Ke1 Kf4 64. Kf1 e4 65.
Ra5 Rxh3 66. Kg2 Rg3+ 67. Kf2 Rxg4 68. Ke2 Rg2+ 69. Kf1 Rc2 70. Ke1 g4 71. Kf1 g3 72.
Kg1 Kf3 73. Rf5+ Ke3 74. Rg5 Kf4 75. Rg7 e3 76. Rf7+ Ke4 77. Re7+ Kf3 78. Rf7+ Ke2 79.
Kg2 Rc1 80. Rd7 Ke1 81. Kxg3 e2 82. Kg2 Rc4 83. Rd8 Rc5 84. Rd7 Rg5+ 85. Kh3 Rg1 86. Kh2 Rg5 87. Kh3 Kf2 88. Rf7+ Ke3 89. Re7+ Kf3 90.
Rf7+ Ke4 0-1

[Event "*** Titled Tuesday 3|2 Blitz"]
[Site "Chess.com"]
[Date "2016.03.01"]
[Round "1"]
[White "KNVB"]
[Black "GeorgMeier"]
[Result "0-1"]
[WhiteElo "2358"]
[BlackElo "2760"]
[TimeControl "180+2"]
[EndTime "11:10:20 PST"]
[Termination "GeorgMeier won by resignation"]

1. d4 Nf6 2. c4 e6 3. Nc3 d5 4. cxd5 exd5 5. Bg5 c6 6. e3 h6 7. Bh4 Bf5 8. Qf3 Bg6 9. Bxf6 Qxf6 10. Qxf6 gxf6 11.
h4 Nd7 12. h5 Bf5 13. Kd2 Rg8 14. g3 a5 15. a4 Bb4 16. Bd3 Be6 17. Ne2 f5 18.
Nf4 Nf6 19. Ke2 Ke7 20. Rac1 Ne4 21. Kf3 Rg7 22. Rc2 Rag8 23. Kg2 Bd6 24. Nce2 Bd7 25. b3 Nf6 26. f3 Rg5 27. Rh3 Ne8 28. Kf2 Nc7 29.
Rc1 Ne6 30. Rh2 Kf6 31. Rhh1 R5g7 32. Rhg1 Rg5 33. Rh1 Bb4 34. Bb1 R5g7 35. Nd3 Bd6 36. f4 Nf8 37. Ne5 Be6 38. Bd3 Ke7 39. Rh3 Nh7 40.
Rhh1 Nf6 41. Rcg1 Kd8 42. Nc3 Bb4 43. Ne2 Ne8 44. Nf3 Be7 45. Nh4 Nd6 46. Nc3 Kc7 47.
Bc2 Kd7 48. Bd3 b6 49. Bb1 c5 50. Ne2 Kc6 51. Rc1 c4 52. Bc2 Kd7 53. Rb1 c3 54. Bd3 Ne4+ 55. Bxe4 dxe4 56. Rbc1 Bxh4 57. Rxh4 Bxb3 58.
Nxc3 Rxg3 59. Rh2 Rf3+ 60. Ke2 Rgg3 61. Nd1 Bxd1+ 62. Kxd1 Rxe3 63. Rb2 Rg1+ 64. Kd2 Rd3+ 65. Kc2 Rg2+ 66. Kb1 Rxb2+ 67. Kxb2 Rxd4 0-1

[Event "*** Titled Tuesday 3|2 Blitz"]
[Site "Chess.com"]
[Date "2016.03.01"]
[Round "1"]
[White "Tesla17"]
[Black "jcibarra"]
[Result "1/2-1/2"]
[WhiteElo "2236"]
[BlackElo "2475"]
[TimeControl "180+2"]
[EndTime "11:10:21 PST"]
[Termination "Game drawn by agreement"]

1. d4 Nf6 2. c4 d6 3. Nc3 e5 4. e4 exd4 5. Qxd4 Nc6 6. Qd2 g6 7.
Bd3 Bg7 8. Nge2 Ng4 9. O-O Qh4 10. h3 Nge5 11. f4 Nxd3 12. Qxd3 O-O 13. Be3 f5 14. Bf2 Qd8 15. exf5 Bxf5 16. Qd5+ Kh8 17. Rad1 Qf6 18. Qd2 Qf7 19. b3 Rae8 20. Nd4 Bd7 21. Nd5 Bc8 22. Kh1 a6 23. a4 Nd8 24. Bg1 Re4 25. Rde1 Rfe8 26.
Rxe4 Rxe4 27. Nc3 Re8 28. Nd5 Re4 29. Nc3 Re8 30. Nd5 c5 31. Nf3 Ne6 32. Re1 Bd7 33.
a5 Bc6 34. Re2 h6 35. Qe1 Bxd5 36. cxd5 Nc7 37. Rxe8+ Nxe8 38. Qe4 Nc7 39. Nh4 Kh7 40. f5 gxf5 41. Nxf5 Qxd5 42. Nxd6+ Qxe4 43. Nxe4 Ne6 44. Nxc5 Nxc5 45. Bxc5 Bc3 46. Bb6 Kg6 47. g4 h5 48.
Kg2 hxg4 49. hxg4 Kf6 50. Kf3 Ke5 51. Bd8 Bd2 52. Kg3 Be1+ 53. Kh3 Kf4 54. Bc7+ Kg5 55. Bb6 Kf4 56. Bd8 Bf2 57. g5 Kf5 58. Kg2 Be3 59. Kf3 Bxg5 60. Bxg5 Kxg5 61. Ke4 Kf6 62. Kd5 Ke7 63. Kc5 Kd7 64. Kb6 Kc8 65. Ka7 Kc7 66.
Ka8 b6 67. Ka7 bxa5 68. Kxa6 a4 69. bxa4 Kb8 1/2-1/2

[Event "*** Titled Tuesday 3|2 Blitz"]
[Site "Chess.com"]
[Date "2016.03.01"]
[Round "1"]
[White "ChessTrener"]
[Black "oskariot"]
[Result "1-0"]
[WhiteElo "2560"]
[BlackElo "2312"]
[TimeControl "180+2"]
[EndTime "11:10:22 PST"]
[Termination "ChessTrener won on time"]

1. e4 c5 2. Ne2 d6 3. g3 g6 4.
Bg2 Bg7 5. c3 Nc6 6. d4 cxd4 7.
cxd4 Bg4 8. f3 Bd7 9. Be3 Nf6 10.
Nbc3 O-O 11. O-O a6 12. Qd2 b5 13. b3 Rc8 14. Rac1 Re8 15. h3 e5 16. Rfd1 exd4 17. Nxd4 Nxd4 18. Bxd4 b4 19. Na4 Rxc1 20. Rxc1 Bxa4 21.
bxa4 d5 22. e5 Nh5 23. g4 Ng3 24. Kh2 Qh4 25. Re1 Bh6 26. Be3 Bxe3 27. Qxe3 d4 28. Qd2 a5 29. f4 h5 30. Qf2 Nf5 31. Qxh4 Nxh4 32. Bh1 hxg4 33. hxg4 g5 34. f5 d3 35. e6 fxe6 36. fxe6 d2 37. Rd1 Kg7 38. Bd5 Rd8 39. e7 Re8 40. Rxd2 Rxe7 41. Bc6 Rc7 42. Rd6 Ng6 43.
Be4 Nf4 44. Bf5 Re7 45. Rd2 Re3 46. Kg1 Ra3 47. Kf2 Kf6 48. Bb1 Rxa4 49. Rd6+ Ke5 50. Rb6 Ra3 51. Rb5+ Kf6 52. Rf5+ Ke6 53. Ke1 Rh3 54.
Be4 Re3+ 55. Kd2 Rxe4 56. Rxg5 Re2+ 57. Kc1 1-0

[Event "*** Titled Tuesday 3|2 Blitz"]
[Site "Chess.com"]
[Date "2016.03.01"]
[Round "1"]
[White "dretch"]
[Black "petrpalachev"]
[Result "0-1"]
[WhiteElo "2474"]
[BlackElo "2278"]
[TimeControl "180+2"]
[EndTime "11:10:32 PST"]
[Termination "petrpalachev won by checkmate"]

1. d4 Nf6 2. c4 e6 3. Nc3 Bb4 4. Qc2 O-O 5. e4 d5 6. e5 Ne4 7. Bd3 c5 8. Nf3 cxd4 9. Nxd4 Bxc3+ 10. bxc3 Nd7 11. Bf4 Qh4 12. g3 Qh3 13. O-O-O g5 14. Bf1 Qh5 15. Be3 Nxe5 16. f4 Ng4 17. Bd2 Ngf2 18. Be2 Qh3 19. fxg5 Nxh1 20. Rxh1 Nxd2 21. Qxd2 e5 22. Nf3 e4 23. Nh4 dxc4 24. Rf1 Be6 25. Rf6 Qxh2 26. g6 Qg1+ 27. Kb2 Qb6+ 28. Kc1 hxg6 29. Nxg6 fxg6 30. Rxg6+ Kf7 31. Bh5 Qg1+ 32. Kb2 Qb6+ 33. Kc1 Ke7 34. Rg7+ Rf7 35. Qg5+ Kd6 36. Bxf7 Qg1+ 37. Kb2 Qf2+ 38. Kc1 Bxf7 39. Qh6+ Ke7 40. Qh4+ Qf6 41. Qxe4+ Kf8 42. Rh7 Qxc3+ 43. Kb1 Qd3+ 44. Qxd3 cxd3 45. Rh8+ Bg8 46. Kc1 Kg7 47. Rh4 Rc8+ 48. Kd2 Bh7 49. Ra4 Rc2+ 50. Kd1 a6 51. Rb4 b5 52. a4 Rc4 53. Rb2 Rxa4 54. g4 Rxg4 55. Rh2 Be4 56. Ke1 Rg1+ 57. Kd2 Rg2+ 58. Rxg2+ Bxg2 59. Kxd3 Kf6 60. Kc3 Ke6 61. Kb3 Kd5 62. Kb4 Kc6 63.
Ka5 Kb7 64. Kb4 Kb6 65. Kc3 a5 66. Kd4 b4 67. Kc4 Bc6 68. Kd4 Kb5 69. Kd3 a4 70.
Kd4 a3 71. Kd3 a2 72. Kc2 a1=Q 73. Kb3 Qc3+ 74. Ka2 Bd5+ 75. Kb1 Be4+ 76. Ka2 b3+ 77. Ka3 b2+ 78. Ka2 b1=Q# 0-1

[Event "*** Titled Tuesday 3|2 Blitz"]
[Site "Chess.com"]
[Date "2016.03.01"]
[Round "1"]
[White "chessdude"]
[Black "Grootneus"]
[Result "0-1"]
[WhiteElo "2367"]
[BlackElo "2041"]
[TimeControl "180+2"]
[EndTime "11:10:36 PST"]
[Termination "Grootneus won by resignation"]

1. e4 c5 2. Nf3 Nc6 3. Bb5 Nf6 4. Bxc6 dxc6 5. d3 Bg4 6. h3 Bxf3 7. Qxf3 Nd7 8. Nc3 e5 9. O-O Be7 10. Qg4 O-O 11. Ne2 Nf6 12. Qf3 Nd7 13. b3 a5 14. a4 c4 15. dxc4 Nc5 16. Bb2 f6 17. Rad1 Qc7 18. Ng3 Rfd8 19. Nf5 Bf8 20. Qg4 b5 21. cxb5 cxb5 22. axb5 g6 23. Ne3 Qb7 24.
Rxd8 Rxd8 25. Rd1 Rxd1+ 26. Qxd1 Nxe4 27. Qd3 Bc5 28. c4 Kg7 29. Bc1 Bd4 30. Bd2 Nc5 31.
Qc2 Qa7 32. Qa2 Ne4 33. Qxa5 Qb7 34. b6 Bxb6 35. Qb4 Qa7 36. Kf1 Bc5 37. Qa5 Qd7 38.
Ke2 Qd4 39. Qa2 Bb6 40. Qc2 Nc5 41. b4 Ne6 42. c5 Nf4+ 43. Kf1 Bc7 44. Bc3 Qc4+ 45.
Kg1 Ne2+ 46. Kh2 Nxc3 47. g3 Qxb4 48. c6 Qc5 49. Nd1 Ba5 50. Nxc3 Qxc6 51. Qa4 Qxc3 52. Qd7+ Kh6 53. Qe8 Bb4 54. Qd7 Qf3 55. Kg1 Be1 56. Qa7 Qxf2+ 57. Qxf2 Bxf2+ 58. Kxf2 Kg5 59. Kf3 Kf5 60.
Ke3 Ke6 61. Kd3 Kd5 62. Ke3 f5 63. Kd3 g5 64. Ke3 e4 65. h4 gxh4 66. Kf4 hxg3 0-1

[Event "*** Titled Tuesday 3|2 Blitz"]
[Site "Chess.com"]
[Date "2016.03.01"]
[Round "1"]
[White "arnacman"]
[Black "Izoria123"]
[Result "0-1"]
[WhiteElo "2307"]
[BlackElo "2541"]
[TimeControl "180+2"]
[EndTime "11:10:39 PST"]
[Termination "Izoria123 won by checkmate"]

1. e4 g6 2. d4 Bg7 3. Nc3 d6 4. f4 a6 5. Be3 b5 6. Bd3 Bb7 7.
Nf3 Nd7 8. a4 b4 9. Ne2 Ngf6 10.
Ng3 O-O 11. O-O c5 12. c3 bxc3 13. bxc3 Qc7 14. e5 Nd5 15. Bd2 cxd4 16. cxd4 Rfc8 17.
a5 Nf8 18. Ne4 Qd7 19. Qe2 Ne6 20. g3 dxe5 21. dxe5 Bc6 22. Rfd1 Qa7+ 23. Qf2 Bb5 24. Qxa7 Rxa7 25. Bxb5 axb5 26. Rab1 b4 27. Bxb4 Nxb4 28. Rxb4 Rxa5 29. Rb7 Bf8 30. Rd2 h6 31. Kg2 Ra4 32.
Re2 Rcc4 33. Nf2 Ra8 34. Reb2 g5 35. f5 Nd4 36. Nd2 Rc5 37. Nd3 Rc3 38. Nb4 Nxf5 39. Ne4 Rc4 40. Nd2 Rd4 41. Nc6 Rd5 42. g4 Nh4+ 43. Kg3 Ra3+ 44. Kf2 Rc3 45. Ne4 Rxc6 46. e6 Rxe6 47. Ng3 Rf6+ 48. Ke3 Re5+ 49. Kd4 Nf3+ 50. Kc4 Rc6+ 51. Kd3 Rd6+ 52. Kc4 Nd2+ 53. Kc3 Ne4+ 54. Nxe4 Rxe4 55. Rb8 Rxg4 56. Re2 Kg7 57. Ra2 Rc6+ 58.
Kd3 Rd6+ 59. Ke3 e6 60. Raa8 Be7 61. Rh8 Kf6 62. Rxh6+ Ke5 63. Rh7 Rf4 64. Ra5+ Rd5 65. Ra7 Bc5+ 66. Ke2 Bxa7 67. h4 Rxh4 68. Rg7 Rh2+ 69.
Kf3 Kf6 70. Rg8 Rd3+ 71. Kg4 Rh4# 0-1

[Event "*** Titled Tuesday 3|2 Blitz"]
[Site "Chess.com"]
[Date "2016.03.01"]
[Round "1"]
[White "Blitzstream"]
[Black "Cecile_Haussernot"]
[Result "1/2-1/2"]
[WhiteElo "2451"]
[BlackElo "2178"]
[TimeControl "180+2"]
[EndTime "11:10:55 PST"]
[Termination "Game drawn by agreement"]

1. d4 Nf6 2. Bg5 d5 3. e3 c5 4. c3 Nc6 5. Nf3 Bf5 6. Qb3 Qb6 7. Nbd2 e6 8. Be2 c4 9. Qxb6 axb6 10. O-O Ne4 11. Nxe4 Bxe4 12. Nd2 Bc2 13. Rfc1 Bg6 14. e4 b5 15. exd5 exd5 16. Bf3 f6 17. Bf4 Ne7 18. Nf1 Kd7 19. Ne3 Kc6 20. b3 Be4 21. Bxe4 dxe4 22.
bxc4 g5 23. cxb5+ Kxb5 24. c4+ Kc6 25. Bg3 Bg7 26. Rab1 Ra7 27. d5+ Kd7 28. c5 Rc8 29. d6 Nc6 30. Nd5 Re8 31. Rb2 f5 32. Rcb1 Bxb2 33. Rxb2 f4 34. Nf6+ Kd8 35. Nxe8 Kxe8 36.
Re2 Ra4 37. f3 fxg3 38. fxe4 Nd4 39. Rb2 gxh2+ 40. Kxh2 Kd7 41. Rxb7+ Kc6 42. Rc7+ Kb5 43. d7 Ne6 44. Rc8 Rd4 45. c6 Kb6 46. Re8 Kxc6 47. Rxe6+ Kxd7 48. Rh6 Rxe4 49. Rxh7+ Kc6 50. Ra7 Kd5 51.
Ra5+ Ke6 52. Kg3 Re3+ 53. Kf2 Rc3 54. g3 g4 55. Ra8 Ke5 56. Ra4 Rf3+ 57. Kg2 Rc3 58.
a3 Rc2+ 59. Kf1 Ra2 60. Kg1 Kf5 61. Kf1 Ke5 62. Ke1 Kf5 63. Kf1 Ke5 64. Kg1 Kf5 65.
Rf4+ Kg5 66. a4 Ra3 67. Kg2 Ra2+ 68. Kf1 Ra3 69. Kf2 Ra2+ 70. Kf1 Ra3 71. Kg2 Ra2+ 72. Kg1 Ra1+ 1/2-1/2

[Event "*** Titled Tuesday 3|2 Blitz"]
[Site "Chess.com"]
[Date "2016.03.01"]
[Round "1"]
[White "pKiLz5Rn9b"]
[Black "dcremisi"]
[Result "1/2-1/2"]
[WhiteElo "2518"]
[BlackElo "2268"]
[TimeControl "180+2"]
[EndTime "11:11:20 PST"]
[Termination "Game drawn by repetition"]

1. e4 e6 2. d4 d5 3. Nd2 dxe4 4.
Nxe4 Nd7 5. Nf3 Be7 6. Bd3 Ngf6 7.
O-O b6 8. Qe2 Bb7 9. c4 O-O 10. Rd1 Re8 11. b3 Qc8 12. Bb2 Nxe4 13. Bxe4 Bxe4 14. Qxe4 Bf6 15. Rac1 c5 16. Qe2 cxd4 17.
Nxd4 Rd8 18. Nb5 Bxb2 19. Qxb2 Nf6 20. Qe5 Qb7 21. Rd6 Rxd6 22. Qxd6 a6 23. Nc3 Rc8 24. Rd1 b5 25. c5 h6 26. b4 Rc7 27. Qd8+ Kh7 28. Qd3+ Kg8 29. Qe2 Rd7 30. a3 Nd5 31. Nxd5 Rxd5 32. Rxd5 Qxd5 33. Qc2 Qc6 34. Qd3 g6 35. f3 e5 36. Kf2 Kg7 37. Ke3 Kf6 38. Qd8+ Ke6 39. g4 Qd7 40. Qb6+ Ke7 41. c6 Qd1 42. Qc7+ Kf8 43. Qb8+ Kg7 44. Qxe5+ Kh7 45. c7 Qc1+ 46. Kd4 Qc4+ 47. Ke3 Qc1+ 48. Kf2 Qc2+ 49. Kg3 Qc1 50. Kf2 Qd2+ 51. Qe2 Qc3 52. Qe7 Kg7 53. Qd6 Qc2+ 54. Ke3 Qc1+ 55. Kf2 Qc2+ 56. Kg3 Qc1 57. Qc5 Qe1+ 58. Kg2 Qe2+ 59. Qf2 Qc4 60. Qb2+ Kh7 61. Qe5 Qc2+ 62. Kg3 Qc1 63. Qd6 Qg1+ 64. Kh3 Qf1+ 65. Kg3 Qg1+ 66. Kh3 Qf1+ 67. Kh4 g5+ 68. Kg3 Qg1+ 69.
Kh3 Qf1+ 70. Kg3 Qe1+ 71. Kg2 Qe2+ 72. Kg1 Qe1+ 73. Kg2 Qe2+ 74. Kg3 Qe1+ 75. Kh3 Qf1+ 76. Kg3 Qg1+ 77. Kh3 Qf1+ 78. Kg3 Qg1+ 1/2-1/2

[Event "*** Titled Tuesday 3|2 Blitz"]
[Site "Chess.com"]
[Date "2016.03.01"]
[Round "1"]
[White "AndrewMcStone"]
[Black "underdogchss"]
[Result "1/2-1/2"]
[WhiteElo "1957"]
[BlackElo "2291"]
[TimeControl "180+2"]
[EndTime "11:11:38 PST"]
[Termination "Game drawn by repetition"]

1. d4 Nf6 2. c4 e6 3. Nc3 Bb4 4. f3 d5 5. a3 Be7 6. e4 dxe4 7. fxe4 c5 8. d5 exd5 9. cxd5 Bd6 10. Nf3 O-O 11. Bd3 Nbd7 12. O-O a6 13. Bg5 Qc7 14. Qe1 Ng4 15. Qh4 Nge5 16. Bc2 f6 17. Bc1 b5 18.
Nxe5 Nxe5 19. Ne2 Bg4 20. Ng3 Rae8 21. h3 Bc8 22. Nf5 Bxf5 23. Rxf5 c4 24. Be3 Bc5 25.
Qf2 Nd7 26. Re1 Bd6 27. Bd4 Be5 28. Bxe5 Nxe5 29. Rd1 Qd6 30. Qd4 Rc8 31. Rdf1 Rfe8 32. g4 h6 33. Kg2 c3 34. bxc3 Rc4 35. Qf2 Rxc3 36. Bb1 Rec8 37. Qh4 Ng6 38. Qh5 Qg3+ 39. Kh1 Rc2 40. Bxc2 Rxc2 41. R5f2 Rxf2 42. Rxf2 Qxf2 43. Qxg6 Qf3+ 44. Kg1 Qe3+ 45. Kh2 Kf8 46. Qf5 Qxa3 47. Qc8+ Kf7 48. Qc7+ Kg6 49. d6 Qb2+ 50. Kh1 Qb1+ 51. Kh2 Qb2+ 52. Kh1 Qa1+ 53. Kh2 Qe5+ 54. Kg1 Qg3+ 55.
Kf1 Qxh3+ 56. Kf2 Qh2+ 57. Kf1 Qf4+ 58. Kg2 Qxe4+ 59. Kh3 Qf3+ 60. Kh2 Qf4+ 61. Kh3 Qe3+ 62. Kh2 Qe2+ 63. Kh3 Qe3+ 64. Kh2 Kg5 65. d7 Qe2+ 66.
Kh1 Qf1+ 67. Kh2 Qf2+ 68. Kh1 Qf3+ 69. Kh2 Qf2+ 70. Kh1 Qe1+ 71. Kh2 Qe2+ 72. Kh1 Qe4+ 73. Kh2 Qe2+ 74. Kh1 Qf1+ 75. Kh2 Qf2+ 1/2-1/2

[Event "*** Titled Tuesday 3|2 Blitz"]
[Site "Chess.com"]
[Date "2016.03.01"]
[Round "1"]
[White "HovmoellerHest"]
[Black "evgenyermolaev"]
[Result "1/2-1/2"]
[WhiteElo "2360"]
[BlackElo "2010"]
[TimeControl "180+2"]
[EndTime "11:12:05 PST"]
[Termination "Game drawn - insufficient material"]

1. d4 Nf6 2. c4 c5 3. d5 g6 4.
Nc3 d6 5. e4 Bg7 6. f4 O-O 7. Nf3 e6 8. Bd3 exd5 9. cxd5 Bg4 10.
O-O Na6 11. Bxa6 bxa6 12. h3 Bxf3 13. Qxf3 Rb8 14. Re1 Nd7 15. g4 f5 16. exf5 gxf5 17. Re6 fxg4 18. hxg4 Qh4 19. Qg2 Bd4+ 20. Be3 Rxf4 21.
Qh2 Rxg4+ 22. Kh1 Qxh2+ 23. Kxh2 Bxe3 24. Rxe3 Rxb2+ 25. Ne2 Ne5 26. Rf1 Rxa2 27. Kh3 Raa4 28. Ng3 Rh4+ 29. Kg2 Ra2+ 30. Rf2 Rh2+ 31. Kxh2 Rxf2+ 32. Kg1 Rd2 33. Ne4 Rd1+ 34. Kg2 Kf8 35. Nxd6 Rxd5 36.
Nc8 Rd2+ 37. Kf1 Ng4 38. Rf3+ Ke8 39. Rg3 Nf6 40. Nxa7 c4 41. Re3+ Kd7 42. Rf3 Nd5 43. Rf7+ Kd6 44. Nc8+ Kc5 45. Ke1 c3 46. Ne7 Nxe7 47.
Rxe7 Rd6 48. Rc7+ Rc6 49. Rxh7 c2 50. Kd2 Kb4 51. Kc1 a5 52. Rh4+ Kb3 53. Rh3+ Kb4 54.
Rh4+ Kc3 55. Rh3+ Kd4 56. Rh4+ Kd3 57. Rh3+ Ke4 58. Rh4+ Kf3 59. Rh3+ Kg2 60. Rh5 a4 61. Rg5+ Kf3 62. Rh5 Kg3 63. Rg5+ Kf4 64. Rh5 a3 65.
Ra5 Rc3 66. Ra4+ Ke3 67. Ra8 Kd3 68. Rd8+ Ke4 69. Re8+ Kd5 70. Rd8+ Ke6 71. Ra8 Kd7 72. Ra7+ Kc6 73. Ra8 Kb5 74. Rb8+ Ka4 75. Ra8+ Kb3 76. Rb8+ Ka2 77. Rb7 Rb3 78. Ra7 Rb2 79. Ra8 Kb3 80.
Rb8+ Kc3 81. Rc8+ Kb4 82. Rb8+ Ka4 83. Rxb2 axb2+ 84. Kxb2 c1=Q+ 85. Kxc1 1/2-1/2